AoeStats
← Horizon

Arabian Desert

509567336Analyzed
1v1 RM · 4d ago on Sep 27, 2026· 43m 36s· 2 players
Game mode
Random Map
Map size
Tiny (2 player)
Population
200
Speed
Normal
Resources
Standard
Victory
Conquest
Starting age
Dark Age
Ending age
Imperial Age
RankedLock teamsTeams togetherTeam positionsShared explorationLock speedFull tech treeHidden civsTurbo modeCheats
Victory
Defeat
🇵🇰 Teutons · Pakistan
1436
+18
🇩🇪 Varangians · Germany
1473
-18
Horizon
6:11 Loom
9:07 Feudal Age
9:20 Man-at-Arms
14:08 Double-Bit Axe
15:52 Fletching
22:05 Castle Age
20:36 Padded Archer Armor
22:46 Bodkin Arrow
25:04 Bloodlines
26:40 Gold Mining
28:28 Horse Collar
34:36 Wheelbarrow
35:55 Hand Cart
35:25 Town Watch
37:51 Scale Barding Armor
37:56 Forging
39:48 Stone Mining
40:13 Scale Mail Armor
40:28 Leather Archer Armor
40:47 Chain Barding Armor
41:02 Iron Casting
Frankenbeutel
6:19 Loom
9:02 Feudal Age
10:51 Bloodlines
15:21 Double-Bit Axe
16:07 Horse Collar
18:07 Scale Barding Armor
20:58 Wheelbarrow
25:12 Castle Age
24:13 Fletching
24:23 Padded Archer Armor
26:30 Bodkin Arrow
27:05 Bow Saw
27:21 Elite Skirmisher
29:10 Ballistics
Connection lost

Rejoining the realm…

Still unreachable

The connection could not be restored.

Session expired

The server has moved on; the page needs a fresh start.